TOP OF THE 1ST |
Staten Island Yankees batting - Pitching for Lowell Spinners : RHP Justin Swenson
|
Pitching: RHP Justin Swenson
|
|
Batting: RHB Norimoto Miyanishi
|
0-0: Called Strike 0-1: Ground out 5-3 (Groundball, 5, EV 81.2 MPH)
|
Batting: LHB Joe Vida
|
0-0: Swinging Strike 0-1: Swinging Strike 0-2: Ball 1-2: Foul Ball, location: 2F 1-2: Ball 2-2: Strikes out looking
|
Batting: SHB Corey Penson
|
0-0: Called Strike 0-1: Fly out, F8 (Flyball, 8RD, EV 97.5 MPH)
|
Top of the 1st over - 0 runs, 0 hits, 0 errors, 0 left on base; Staten Island 0 - Lowell 0 |
BOTTOM OF THE 1ST |
Lowell Spinners batting - Pitching for Staten Island Yankees : RHP Servaas Morrow
|
Pitching: RHP Servaas Morrow
|
|
Batting: RHB Jim Hubbard
|
0-0: Ball 1-0: DOUBLE (Flyball, 9LD, EV 97.5 MPH)
|
Batting: RHB Ted Emmerich
|
0-0: Ball 1-0: Called Strike 1-1: Foul Ball, location: 2F 1-2: Strikes out swinging
|
Batting: RHB Dave Burwell
|
0-0: SINGLE (Line Drive, 7S, EV 88.8 MPH) Jim Hubbard to third
|
Batting: RHB Alex Cardenas
|
0-0: Swinging Strike 0-1: Swinging Strike 0-2: Ball 1-2: Strikes out looking
|
Batting: RHB Bobby Schimke
|
0-0: Ball 1-0: Called Strike 1-1: Foul Ball, location: 2F 1-2: Foul Ball, location: 2F 1-2: Ball 2-2: Strikes out swinging
|
Bottom of the 1st over - 0 runs, 2 hits, 0 errors, 2 left on base; Staten Island 0 - Lowell 0 |
TOP OF THE 2ND |
Staten Island Yankees batting - Pitching for Lowell Spinners : RHP Justin Swenson
|
Batting: RHB Brian Warren
|
0-0: Called Strike 0-1: Swinging Strike 0-2: Ball 1-2: Ball 2-2: Strikes out swinging
|
Batting: LHB Mike Schermerhorn
|
0-0: Foul Ball, location: 2F 0-1: Called Strike 0-2: Ball 1-2: Strikes out swinging
|
Batting: RHB Mike Zern
|
0-0: Called Strike 0-1: Ground out 6-3 (Groundball, 6, EV 81.9 MPH)
|
Top of the 2nd over - 0 runs, 0 hits, 0 errors, 0 left on base; Staten Island 0 - Lowell 0 |
BOTTOM OF THE 2ND |
Lowell Spinners batting - Pitching for Staten Island Yankees : RHP Servaas Morrow
|
Batting: RHB Tony Nunez
|
0-0: Swinging Strike 0-1: Swinging Strike 0-2: Foul Ball, location: 2F 0-2: Ball 1-2: Strikes out looking
|
Batting: SHB Salvador Padilla
|
0-0: Ball 1-0: Called Strike 1-1: Ball 2-1: Foul Ball, location: 2F 2-2: Ball 3-2: Base on Balls
|
Batting: RHB Scott Hawkins
|
0-0: Ball Salvador Padilla steals 2nd base 1-0: Called Strike 1-1: Ball 2-1: Foul Ball, location: 2F 2-2: Ground out 1-3 (Groundball, 13S, EV 71.2 MPH) Salvador Padilla to third
|
Batting: RHB Mike Strey
|
0-0: Ball 1-0: Ball 2-0: Foul Ball, location: 2F 2-1: Foul Ball, location: 2F 2-2: Ball 3-2: Foul Ball, location: 2F 3-2: Base on Balls
|
Batting: RHB Jim Hubbard
|
0-0: SINGLE (Line Drive, 8LS, EV 102.5 MPH) Salvador Padilla scores Mike Strey to second Runner from 2nd tries for 3rd, SAFE, no throw by CF
|
Batting: RHB Ted Emmerich
|
0-0: Called Strike 0-1: Foul Ball, location: 2F 0-2: Hit by Pitch Jim Hubbard to second
|
Batting: RHB Dave Burwell
|
0-0: Ball 1-0: Reached on error, E6 (Groundball, 6, EV 101.9 MPH) Mike Strey scores Jim Hubbard to third Ted Emmerich to second
|
Batting: RHB Alex Cardenas
|
0-0: Called Strike 0-1: Ball 1-1: Ball 2-1: Swinging Strike 2-2: Foul Ball, location: 2F 2-2: Foul Ball, location: 2F 2-2: Ball 3-2: Strikes out swinging
|
Bottom of the 2nd over - 2 runs, 1 hit, 1 error, 3 left on base; Staten Island 0 - Lowell 2 |
TOP OF THE 3RD |
Staten Island Yankees batting - Pitching for Lowell Spinners : RHP Justin Swenson
|
Batting: RHB Pat Pemberton
|
0-0: Ball 1-0: Fly out, F9 (Flyball, 89M, EV 93.8 MPH)
|
Batting: RHB Nate Singleton
|
0-0: Ball 1-0: SINGLE (Groundball, 6MD, EV 104.4 MPH) (infield hit)
|
Batting: RHB Danny Ayala
|
0-0: Ball 1-0: Ball 2-0: SINGLE (Groundball, 34D, EV 103.8 MPH) Nate Singleton to second Runner from 2nd tries for 3rd, SAFE, throw by RF made to third
|
Batting: RHB Norimoto Miyanishi
|
0-0: Ball 1-0: Called Strike 1-1: Swinging Strike 1-2: Strikes out swinging
|
Batting: LHB Joe Vida
|
0-0: Ball 1-0: Ball 2-0: Ball 3-0: Called Strike 3-1: Ground out 4-3 (Groundball, 34D, EV 98.1 MPH)
|
Top of the 3rd over - 0 runs, 2 hits, 0 errors, 2 left on base; Staten Island 0 - Lowell 2 |
BOTTOM OF THE 3RD |
Lowell Spinners batting - Pitching for Staten Island Yankees : RHP Servaas Morrow
|
Batting: RHB Bobby Schimke
|
0-0: Ball 1-0: Called Strike 1-1: Foul Ball, location: 2F 1-2: Foul Ball, location: 2F 1-2: Ground out 5-3 (Groundball, 56S, EV 76.2 MPH)
|
Batting: RHB Tony Nunez
|
0-0: Ground out U3 (Groundball, 3, EV 79.4 MPH)
|
Batting: SHB Salvador Padilla
|
0-0: Ball 1-0: Called Strike 1-1: Swinging Strike 1-2: Foul Ball, location: 2F 1-2: Strikes out swinging
|
Bottom of the 3rd over - 0 runs, 0 hits, 0 errors, 0 left on base; Staten Island 0 - Lowell 2 |
TOP OF THE 4TH |
Staten Island Yankees batting - Pitching for Lowell Spinners : RHP Justin Swenson
|
Batting: SHB Corey Penson
|
0-0: SINGLE (Groundball, 3D, EV 97.5 MPH)
|
Batting: RHB Brian Warren
|
0-0: Called Strike 0-1: Foul Ball, location: 2F 0-2: Ball 1-2: Ball 2-2: Strikes out swinging
|
Batting: LHB Mike Schermerhorn
|
0-0: Fly out, F9 (Flyball, 9, EV 90.6 MPH)
|
Batting: RHB Mike Zern
|
0-0: Foul Ball, location: 2F 0-1: Foul Ball, location: 2F 0-2: Ball 1-2: Foul Ball, location: 2F 1-2: Strikes out swinging
|
Top of the 4th over - 0 runs, 1 hit, 0 errors, 1 left on base; Staten Island 0 - Lowell 2 |
BOTTOM OF THE 4TH |
Lowell Spinners batting - Pitching for Staten Island Yankees : RHP Servaas Morrow
|
Batting: RHB Scott Hawkins
|
0-0: Ball 1-0: Ball 2-0: Called Strike 2-1: Foul Ball, location: 2F 2-2: SINGLE (Groundball, 4D, EV 97.5 MPH)
|
Batting: RHB Mike Strey
|
0-0: Called Strike 0-1: Called Strike 0-2: Grounds into double play, 3-6-3 (Groundball, 3, EV 89.4 MPH)
|
Batting: RHB Jim Hubbard
|
0-0: Called Strike 0-1: Ball 1-1: Ball 2-1: Ball 3-1: Base on Balls
|
Batting: RHB Ted Emmerich
|
0-0: Ball 1-0: TRIPLE (Line Drive, 9D, EV 101.2 MPH) Jim Hubbard scores
|
Batting: RHB Dave Burwell
|
0-0: Ball 1-0: Ball 2-0: Ball 3-0: Fly out, F8 (Flyball, 8RM, EV 89.4 MPH)
|
Bottom of the 4th over - 1 run, 2 hits, 0 errors, 1 left on base; Staten Island 0 - Lowell 3 |
TOP OF THE 5TH |
Staten Island Yankees batting - Pitching for Lowell Spinners : RHP Justin Swenson
|
Batting: RHB Pat Pemberton
|
0-0: Called Strike 0-1: Ball 1-1: Ball 2-1: Ball 3-1: Base on Balls
|
Batting: RHB Nate Singleton
|
0-0: Ball 1-0: Ball 2-0: Ball 3-0: Called Strike 3-1: Base on Balls Pat Pemberton to second
|
Batting: RHB Danny Ayala
|
0-0: Swinging Strike 0-1: Swinging Strike 0-2: Ball Wild Pitch! Pat Pemberton to third Nate Singleton to second 1-2: Ball 2-2: Ball 3-2: Ground out 6-3 (Groundball, P, EV 87.5 MPH) Pat Pemberton scores Nate Singleton to third
|
Batting: RHB Norimoto Miyanishi
|
0-0: Reached on error, E5 (Groundball, 56, EV 105.0 MPH) Nate Singleton scores
|
Batting: LHB Joe Vida
|
0-0: Ball 1-0: Called Strike 1-1: SINGLE (Groundball, 4D, EV 96.2 MPH) Norimoto Miyanishi to third Runner from 3rd tries for Home, SAFE, throw by RF to home Joe Vida to second
|
Batting: SHB Corey Penson
|
0-0: Swinging Strike 0-1: Hit by Pitch
|
Batting: RHB Brian Warren
|
0-0: Swinging Strike 0-1: Ball 1-1: Foul Ball, location: 2F 1-2: Foul Ball, location: 2F 1-2: Strikes out swinging
|
Batting: LHB Mike Schermerhorn
|
0-0: Called Strike 0-1: Ball 1-1: Foul Ball, location: 2F 1-2: Foul Ball, location: 2F 1-2: Strikes out swinging
|
Top of the 5th over - 3 runs, 1 hit, 1 error, 2 left on base; Staten Island 3 - Lowell 3 |
BOTTOM OF THE 5TH |
Lowell Spinners batting - Pitching for Staten Island Yankees : RHP Servaas Morrow
|
Batting: RHB Alex Cardenas
|
0-0: Called Strike 0-1: Called Strike 0-2: Strikes out swinging
|
Batting: RHB Bobby Schimke
|
0-0: Ball 1-0: Swinging Strike 1-1: Called Strike 1-2: Ball 2-2: TRIPLE (Line Drive, 89XD, EV 112.5 MPH)
|
Batting: RHB Tony Nunez
|
0-0: Foul Ball, location: 2F 0-1: Ball Passed Ball! Bobby Schimke scores 1-1: SINGLE (Line Drive, 78M, EV 110.6 MPH)
|
Batting: SHB Salvador Padilla
|
0-0: Ball 1-0: Called Strike Tony Nunez steals 2nd base 1-1: Ball 2-1: Ground out U3 (Groundball, 3, EV 87.5 MPH) Tony Nunez to third
|
Batting: RHB Scott Hawkins
|
0-0: Called Strike 0-1: Fly out, F8 (Flyball, 8RD, EV 86.2 MPH)
|
Bottom of the 5th over - 1 run, 2 hits, 0 errors, 1 left on base; Staten Island 3 - Lowell 4 |
TOP OF THE 6TH |
Staten Island Yankees batting - Pitching for Lowell Spinners : RHP Justin Swenson
|
Pitching: LHP Ken Berger
|
|
Batting: RHB Mike Zern
|
0-0: Ball 1-0: Called Strike 1-1: Ball 2-1: Ball 3-1: Base on Balls
|
Batting: RHB Pat Pemberton
|
0-0: Ball 1-0: Ball 2-0: Grounds out, U3 (Groundball, 3L, EV 103.8 MPH)
|
Batting: RHB Nate Singleton
|
0-0: Called Strike 0-1: Foul Ball, location: 2F 0-2: Strikes out swinging
|
Batting: RHB Danny Ayala
|
0-0: Ball 1-0: Ball 2-0: Called Strike 2-1: Foul Ball, location: 2F 2-2: Strikes out swinging
|
Top of the 6th over - 0 runs, 0 hits, 0 errors, 1 left on base; Staten Island 3 - Lowell 4 |
BOTTOM OF THE 6TH |
Lowell Spinners batting - Pitching for Staten Island Yankees : RHP Servaas Morrow
|
Pitching: RHP Chris Hodge
|
|
Batting: RHB Mike Strey
|
0-0: Called Strike 0-1: Called Strike 0-2: Strikes out swinging, 2-3 out at first.
|
Batting: RHB Jim Hubbard
|
0-0: Ball 1-0: Swinging Strike 1-1: Ball 2-1: Swinging Strike 2-2: Ball 3-2: Base on Balls
|
Batting: RHB Ted Emmerich
|
0-0: Called Strike 0-1: Ball Jim Hubbard steals 2nd base 1-1: Swinging Strike 1-2: Strikes out looking
|
Batting: RHB Dave Burwell
|
0-0: Swinging Strike 0-1: Called Strike 0-2: Strikes out swinging
|
Bottom of the 6th over - 0 runs, 0 hits, 0 errors, 1 left on base; Staten Island 3 - Lowell 4 |
TOP OF THE 7TH |
Staten Island Yankees batting - Pitching for Lowell Spinners : LHP Ken Berger
|
Batting: RHB Norimoto Miyanishi
|
0-0: Ball 1-0: Swinging Strike 1-1: Swinging Strike 1-2: Ball 2-2: Foul Ball, location: 2F 2-2: Ball 3-2: Strikes out swinging
|
Pinch Hitting: RHB Francisco Vargas
|
0-0: Ball 1-0: Ball 2-0: Called Strike 2-1: Ground out 6-3 (Groundball, 6M, EV 88.1 MPH)
|
Batting: SHB Corey Penson
|
0-0: Ball 1-0: Ball 2-0: Ball 3-0: Called Strike 3-1: Called Strike 3-2: Base on Balls
|
Batting: RHB Brian Warren
|
0-0: Ball 1-0: Ball 2-0: Ball 3-0: Base on Balls Corey Penson to second
|
Pinch Hitting: RHB Nick Murray
|
0-0: Called Strike 0-1: Ball Wild Pitch! Corey Penson to third Brian Warren to second 1-1: Called Strike 1-2: Foul Ball, location: 2F 1-2: Foul Ball, location: 2F 1-2: Strikes out swinging
|
Top of the 7th over - 0 runs, 0 hits, 0 errors, 2 left on base; Staten Island 3 - Lowell 4 |
BOTTOM OF THE 7TH |
Lowell Spinners batting - Pitching for Staten Island Yankees : RHP Chris Hodge
|
Now in LF: Mario Velazquez
|
|
Now in RF: Francisco Vargas
|
|
Batting: RHB Alex Cardenas
|
0-0: Ball 1-0: Fly out, F9 (Line Drive, 9, EV 90.6 MPH)
|
Batting: RHB Bobby Schimke
|
0-0: Ball 1-0: Ball 2-0: Swinging Strike 2-1: Called Strike 2-2: Fly out, F6 (Popup, 6MD, EV 61.2 MPH)
|
Batting: RHB Tony Nunez
|
0-0: Ball 1-0: Ball 2-0: Called Strike 2-1: Ball 3-1: Swinging Strike 3-2: SINGLE (Groundball, 56, EV 105.0 MPH) (infield hit)
|
Batting: SHB Salvador Padilla
|
0-0: Called Strike 0-1: Called Strike 0-2: Foul Ball, location: 2F 0-2: Fly out, F7 (Flyball, 7LS, EV 91.2 MPH)
|
Bottom of the 7th over - 0 runs, 1 hit, 0 errors, 1 left on base; Staten Island 3 - Lowell 4 |
TOP OF THE 8TH |
Staten Island Yankees batting - Pitching for Lowell Spinners : LHP Ken Berger
|
Pitching: LHP Rob Hymowitz
|
|
Batting: RHB Mike Zern
|
0-0: Called Strike 0-1: Hit by Pitch
|
Batting: RHB Pat Pemberton
|
0-0: Called Strike 0-1: Ball 1-1: Ball 2-1: Fly out, F8 (Flyball, 8RD, EV 108.1 MPH)
|
Batting: RHB Nate Singleton
|
0-0: Ball 1-0: Ball 2-0: Swinging Strike 2-1: Foul Ball, location: 2F 2-2: Strikes out swinging
|
Batting: RHB Danny Ayala
|
0-0: Fielders Choice at 2nd, 6-4 (Groundball, 6MD, EV 98.8 MPH)
|
Top of the 8th over - 0 runs, 0 hits, 0 errors, 1 left on base; Staten Island 3 - Lowell 4 |
BOTTOM OF THE 8TH |
Lowell Spinners batting - Pitching for Staten Island Yankees : RHP Chris Hodge
|
Batting: RHB Scott Hawkins
|
0-0: Swinging Strike 0-1: Ball 1-1: Ball 2-1: Ball 3-1: Base on Balls
|
Batting: RHB Mike Strey
|
0-0: Bunted foul 0-1: Ball 1-1: Bunted foul 1-2: Ball 2-2: Ball 3-2: Base on Balls Scott Hawkins to second
|
Pinch Runner at 2nd Joel Soto:
|
|
Batting: RHB Jim Hubbard
|
0-0: Ball 1-0: Bunted foul 1-1: Sac Bunt to 13S - play at first, batter OUT! 1-4 Joel Soto to third Mike Strey to second
|
Pitching: RHP Jake Bryant
|
|
Batting: RHB Ted Emmerich
|
0-0: Ball 1-0: Ball 2-0: Called Strike 2-1: Ball 3-1: Base on Balls
|
Batting: RHB Dave Burwell
|
0-0: Ball 1-0: Ball 2-0: Ball 3-0: Base on Balls Joel Soto scores Mike Strey to third Ted Emmerich to second
|
Batting: RHB Alex Cardenas
|
0-0: Called Strike 0-1: Swinging Strike 0-2: Strikes out swinging
|
Batting: RHB Bobby Schimke
|
0-0: DOUBLE (Line Drive, 7LM, EV 98.8 MPH) Mike Strey scores Ted Emmerich scores Dave Burwell to third
|
Batting: RHB Tony Nunez
|
0-0: Foul Ball, location: 2F 0-1: Called Strike 0-2: Foul Ball, location: 2F 0-2: Ball 1-2: Strikes out swinging
|
Bottom of the 8th over - 3 runs, 1 hit, 0 errors, 2 left on base; Staten Island 3 - Lowell 7 |
TOP OF THE 9TH |
Staten Island Yankees batting - Pitching for Lowell Spinners : LHP Rob Hymowitz
|
Pitching: RHP Ross Ratcliffe
|
|
Batting: RHB Norimoto Miyanishi
|
0-0: Ground out 6-3 (Groundball, P, EV 80.0 MPH)
|
Batting: RHB Francisco Vargas
|
0-0: Ball 1-0: Swinging Strike 1-1: Swinging Strike 1-2: Strikes out swinging
|
Batting: SHB Corey Penson
|
0-0: Called Strike 0-1: Swinging Strike 0-2: Foul Ball, location: 2F 0-2: Fly out, F6 (Popup, 56D, EV 48.8 MPH)
|
Top of the 9th over - 0 runs, 0 hits, 0 errors, 0 left on base; Staten Island 3 - Lowell 7 |
|